 Dungeon Crawl Stone Soup version 0.20.1-1-g8b1a95d (webtiles) character file.

64 tidbits the Caller (level 3, 5/15 HPs)
             Began as a Felid Summoner on July 8, 2017.
             Quit the game on level 4 of the Dungeon.
             The game lasted 00:15:23 (1694 turns).

tidbits the Caller (Felid Summoner)                 Turns: 1694, Time: 00:15:23

Health: 5/15       AC:  1    Str:  4    XL:     3   Next: 91%
Magic:  7/7        EV: 18    Int: 17    God:
Gold:   186        SH:  0    Dex: 16    Spells: 3/6 levels left
                                        Lives:  0   Deaths: 0

rFire    . . .     SeeInvis +     - Unarmed
rCold    . . .     Gourm    .   (shield unavailable)
rNeg     . . .     Faith    .   (armour unavailable)
rPois    .         Spirit   .   (helmet unavailable)
rElec    .         Reflect  .   (cloak unavailable)
rCorr    .         Harm     .   (gloves unavailable)
MR       .....                  (boots unavailable)
Stlth    +++.......             (no amulet)
Regen    0.1/turn               (no ring)
MPRegen  0.1/turn               (no ring)

@: lethally poisoned (5 -> -2), quick
A: no armour, no weapons or thrown items, stealth, claws 1, fangs 3, see
invisible, carnivore 3, speed 1, shaggy fur 1, slow metabolism 1, sharp paws
a: no special abilities


You were on level 4 of the Dungeon.
You were very full.

You visited 1 branch of the dungeon, and saw 5 of its levels.

You collected 186 gold pieces.

Inventory:

Missiles
 c - 62 arrows
Scrolls
 d - 2 scrolls of remove curse
 f - a scroll of enchant weapon {unknown}
 h - a scroll of random uselessness {unknown}
 j - a scroll of teleportation {unknown}
 m - a scroll of magic mapping {unknown}
Potions
 e - a potion of berserk rage
 k - a potion of brilliance
Books
 a - a book of Callings

   Spells                             Type                      Level
   a - Summon Small Mammal            Summoning                    1
   b - Call Imp                       Summoning                    2
   c - Call Canine Familiar           Summoning                    3
   d - Summon Guardian Golem          Hexes/Summoning              3
   e - Summon Lightning Spire         Summoning/Air                4
   f - Summon Ice Beast               Ice/Summoning                4
 i - a book of Minor Magic
   (You found it on level 3 of the Dungeon)

   Spells                             Type                      Level
   a - Magic Dart                     Conjuration                  1
   b - Blink                          Translocation                2
   c - Call Imp                       Summoning                    2
   d - Slow                           Hexes                        2
   e - Conjure Flame                  Conjuration/Fire             3
   f - Mephitic Cloud                 Conjuration/Poison/Air       3
Comestibles
 b - 3 meat rations
 l - a royal jelly


   Skills:
 + Level 0.8 Fighting
 - Level 2.6 Dodging
 - Level 2.6 Stealth
 - Level 3.4 Unarmed Combat
 - Level 2.0 Spellcasting
 - Level 4.0 Summonings


You had 3 spell levels left.
You knew the following spells:

 Your Spells              Type           Power        Failure   Level  Hunger
z - Summon Small Mammal   Summ           ###.         3%          1    #......
C - Call Imp              Summ           ###.....     5%          2    ###....


Dungeon Overview and Level Annotations

Branches:
Dungeon (5/15)
 Temple: D:4-7

Altars:
Vehumet

Annotations:
D:2 exclusions: 2 adders and worm
D:3 Ijyb, Jessica
D:4 exclusions: hobgoblin, iguana and worker ant, Menkaure
D:5 exclusion: adder


Innate Abilities, Weirdness & Mutations

You cannot wear armour.
You are incapable of wielding weapons or throwing items.
Your paws allow you to move quietly. (Stealth)
You have sharp claws.
You have razor-sharp teeth.
You have supernaturally acute eyesight. (SInv)
You are carnivorous and can eat meat at any time.
You cover ground quickly.
You are covered in fur. (AC +1)
You have a slow metabolism.
Your sharp claws are effective at attacking unaware monsters.


Message History

Press: ? - help, . - travel You can't see that place. [the floor.] Placed new exclusion.
You now have 186 gold pieces (gained 10).
A hound zombie comes into view.
Casting: Summon Small Mammal
Confirm with . or Enter, or press ? or * to list all spells.
Casting: Summon Small Mammal
Confirm with . or Enter, or press ? or * to list all spells.
What are your orders? t - Meow!
Orders for allies: a - Attack new target. r - Retreat! s - Stop attacking. g - Guard the area. f - Follow me.
Anything else - Cancel.
Gang up on whom?
Press: ? - help, Dir - move target cursor, f - hound zombie
Aim: a hound zombie Attack!
Your quokka bites the hound zombie.
Your rat bites the hound zombie.
Casting: Summon Small Mammal
Confirm with . or Enter, or press ? or * to list all spells.
A shadowy apparition takes form in the air.
Your quokka bites the hound zombie.
Your rat barely misses the hound zombie.
You scratch the hound zombie.
The hound zombie is severely damaged.
The hound zombie bites you.
Your rat barely misses the hound zombie.
You scratch the hound zombie.
The hound zombie is almost destroyed.
Your quokka bites the hound zombie.
The hound zombie misses you.
You scratch the hound zombie but do no damage.
You bite the hound zombie.
You destroy the hound zombie!
You swap places.
You swap places.
Your rat disappears in a puff of smoke!
Your shadow imp disappears in a puff of smoke!
Your quokka disappears in a puff of smoke!
Found a stone staircase leading down.
Found a scroll labeled SOFFAI LEB OGU.
f - a scroll labeled SOFFAI LEB OGU An adder and an orc come into view.
The orc shouts!
The adder hisses angrily.
The orc moves out of view.
Casting: Call Imp
Confirm with . or Enter, or press ? or * to list all spells.
A metallic apparition takes form in the air.
An orc priest comes into view. It is wielding a dagger of holy wrath.
You swap places.
An orc comes into view. It is wielding a whip.
The orc shouts!
There is a stone staircase leading down here.
What are your orders? t - Meow!
Orders for allies: a - Attack new target. r - Retreat! s - Stop attacking. g - Guard the area. f - Follow me.
Anything else - Cancel.
Gang up on whom?
Press: ? - help, Dir - move target cursor, f - adder
Aim: an adder Attack!
Your iron imp hits the adder but does no damage.
Casting: Call Imp
Confirm with . or Enter, or press ? or * to list all spells.
You don't know that spell.
Casting: Call Imp
Confirm with . or Enter, or press ? or * to list all spells.
The orc hits your iron imp but does no damage.
Your iron imp hits the orc.
Your iron imp closely misses the orc.
The adder closely misses your rat.
Your rat barely misses the adder.
Something barely misses your rat. Something closely misses your rat.
Your rat bites the adder.
The adder barely misses your rat.
There is a stone staircase leading up here.
Something bites your rat.
Your rat dies!
Your rat's corpse disappears in a puff of smoke!
There is a stone staircase leading up here.
Casting: Summon Small Mammal
Confirm with . or Enter, or press ? or * to list all spells.
A beastly little devil appears in a puff of flame.
You climb upwards.
Your summoned ally is left behind.
Level annotation: exclusions: hobgoblin, iguana and worker ant, Menkaure The worker ant bites you!
Ouch! That really hurt!
* * * LOW HITPOINT WARNING * * *
The worker ant bites you.
* * * LOW HITPOINT WARNING * * *
You are lethally poisoned!
The worker ant poisons you!
There is a stone staircase leading down here.
It was a potion of magic.
Magic courses through your body.
* * * LOW HITPOINT WARNING * * *
You feel sick. The worker ant misses you.
Okay, then.
Are you sure you want to abandon this character and quit the game? (Confirm with "yes".)

##l ♣♣ ..# ♣♣.##.#####
....#..... .o#.
♣....../. ... #.....#
###..# #.#...# .....#
#.....# #...# #..@a.#
#...#### .. ###...#
#....... ....###...#
#####....###
..........###...........
..#.###.#...............
##.#####...........
#...# ###.#.....## #.#.#
#.#....... #...#
#.#...#.##


You could see a worker ant.

Vanquished Creatures
  Terence (D:3)
  A hound zombie (D:5)
  A worm (D:2)
  A leopard gecko (D:2)
  4 kobolds
  A bat (D:2)
  6 rats
15 creatures vanquished.

Vanquished Creatures (collateral kills)
  An ooze (D:2)
  An adder skeleton (D:4)
  A worm (D:2)
  A leopard gecko (D:2)
  An orc (D:3)
  2 goblins (D:2)
  4 hobgoblins
  A quokka (D:3)
  A frilled lizard (D:2)
  A kobold (D:3)
  2 rats (D:1)
16 creatures vanquished.

Vanquished Creatures (others)
  A kobold (D:3)
  4 toadstools (D:1)
5 creatures vanquished.

Grand Total: 36 creatures vanquished

Notes
Turn   | Place    | Note
-------+----------+-------------------------------------------
     0 | D:1      | tidbits the Felid Summoner began the quest for the Orb.
     0 | D:1      | Reached XP level 1. HP: 7/7 MP: 4/4
   357 | D:3      | Noticed Ijyb
   381 | D:2      | Reached skill level 1 in Unarmed Combat
   562 | D:2      | Reached XP level 2. HP: 11/11 MP: 6/6
   587 | D:2      | Reached skill level 2 in Unarmed Combat
   676 | D:3      | Learned a level 2 spell: Call Imp
   746 | D:3      | Noticed Terence
  1340 | D:3      | Killed Terence
  1340 | D:3      | Reached skill level 3 in Unarmed Combat
  1340 | D:3      | Reached XP level 3. HP: 3/14 MP: 4/7
  1388 | D:3      | Noticed Jessica
  1436 | D:4      | Found a radiant altar of Vehumet.
  1541 | D:4      | Noticed Menkaure
  1586 | D:5      | Entered Level 5 of the Dungeon
  1694 | D:4      | Quit the game

Skill      XL: |  1  2 |
---------------+-------+-----
Unarmed Combat | 1 3 |  3.4
Fighting       | |  0.8
Dodging        | |  2.6
Stealth        | |  2.6
Spellcasting   | |  2.0
Summonings     | |  4.0

Action                   || total
-------------------------++-------
Melee: Unarmed           ||    41
       Bite              ||     3
 Cast: Summon Small Mamm ||    47
       Call Imp          ||     4
  Use: Potion            ||     4
       Scroll            ||     3
 Stab: Sleeping          ||     6
  Eat: Chunk             ||     9
Armor: Skin              ||     2
Dodge: Dodged            ||    31

Table legend:
 A = Turns spent in this place as a percentage of turns spent in the entire game.
 B = Non-inter-level travel turns spent in this place as a percentage of non-inter-level travel turns spent in the entire game.
 C = Inter-level travel turns spent in this place as a percentage of turns spent in this place.
 D = Turns resting spent in this place as a percentage of non-inter-level travel turns spent in this place.
 E = Turns spent auto-exploring this place as a percentage of non-inter-level travel turns spent in this place.
 F = Non-inter-level travel turns spent in this place divided by the number of levels of this place that you've seen.
                   A       B       C       D       E      F
               +-------+-------+-------+-------+-------+----------------------
         Total | 100.0 | 100.0 |   0.0 |   0.7 |   0.0 | 251.4
       Dungeon | 100.0 | 100.0 |   0.0 |   0.7 |   0.0 | 251.4
               +-------+-------+-------+-------+-------+----------------------

Table legend:
 A = Kills in this place as a percentage of kills in entire the game.
 B = Kills by you in this place as a percentage of kills by you in the entire game.
 C = Kills by friends in this place as a percentage of kills by friends in the entire game.
 D = Other kills in this place as a percentage of other kills in the entire game.
 E = Experience gained in this place as a percentage of experience gained in the entire game.
 F = Experience gained in this place divided by the number of levels of this place that you have seen.
                   A       B       C       D       E      F
               +-------+-------+-------+-------+-------+----------------------
         Total | 100.0 | 100.0 | 100.0 |  -nan | 100.0 |  18.4
       Dungeon | 100.0 | 100.0 | 100.0 |  -nan | 100.0 |  18.4
               +-------+-------+-------+-------+-------+----------------------

Vault maps used:
D:1:      ldierk_walled_garden_2, minmay_split_cup_small
D:2:      serial_bayou_lagoon_b
D:3:      minmay_misc_feat_rows, grunt_decor_cap, uniq_terence, uniq_jessica,
          uniq_ijyb
D:4:      vehumet_altar_wand_db, first_bread, fedhas_altar_4, uniq_sigmund,
          uniq_pikel, uniq_menkaure
